 Dungeon Crawl Stone Soup version 0.13-a0-3076-g221303f (webtiles) character file.

512 Malachi the Ducker (level 6, 0/50 HPs)
             Began as a Troll Wizard on Sept 17, 2013.
             Killed from afar by Edmund (5 damage)
             ... with a wand of flame
             ... on Level 3 of the Dungeon.
             The game lasted 00:09:16 (2651 turns).

Malachi the Ducker (Troll Wizard)                   Turns: 2651, Time: 00:09:16

HP   0/50        AC  6     Str 16      XL: 6   Next: 54%
MP   6/11        EV 10     Int 16      God:
Gold 112         SH  0     Dex  8      Spells:  4 memorised,  3 levels left

Res.Fire  : . . .   See Invis. : .     - Unarmed
Res.Cold  : . . .   Warding    : .   a - +0 robe
Life Prot.: . . .   Conserve   : .   (shield restricted)
Res.Poison: .       Res.Corr.  : .   b - +0 wizard hat
Res.Elec. : .       Clarity    : .   j - +0 elf cloak
Sust.Abil.: . .     Spirit.Shd : .   (gloves unavailable)
Res.Mut.  : .       Stasis     : .   (boots unavailable)
Res.Rott. : .       Flight     : .   (no amulet)
Gourmand  : +                        (no ring)
                                     (no ring)

@: slightly resistant to hostile enchantments, unstealthy
A: unfitting armour, claws 3, fast metabolism 3, gourmand, regeneration 2,
saprovore 2, tough skin 2, AC +1
a: no special abilities


You were on level 3 of the Dungeon.
You were very full.

You visited 1 branch of the dungeon, and saw 4 of its levels.

You collected 92 gold pieces.

Inventory:

Hand weapons
 v - a +3,+1 elven whip
Armour
 a - a +0 robe (worn)
 b - a +0 wizard hat (worn)
 j - a +0 elven cloak (worn)
Comestibles
 d - 4 meat rations
 k - a rotting chunk of bat flesh
 l - an apple
 p - 3 bread rations
 t - a rotting chunk of bat flesh
 C - a rotting chunk of bat flesh
Scrolls
 f - 4 scrolls of identify {unknown}
 g - 4 scrolls of remove curse {unknown}
 o - 2 scrolls of teleportation {unknown}
 s - a scroll of blinking {unknown}
 u - 3 scrolls of fear {unknown}
 w - a scroll of random uselessness {unknown}
 x - a scroll of enchant weapon I {unknown}
Jewellery
 h - an uncursed ring of invisibility {unknown}
Potions
 e - a potion of invisibility {unknown}
 i - a potion of flight {unknown}
 m - a potion of restore abilities {unknown}
 n - a potion of heal wounds {unknown}
 q - a potion of mutation {unknown}
 r - 3 potions of curing {unknown}
 A - a potion of blood {unknown}
 B - a potion of might {unknown}
Books
 c - a book of Minor Magic

   Spells                             Type                      Level
   *Magic Dart                        Conjuration                  1
   *Blink                             Translocation                2
   *Call Imp                          Summoning                    2
   *Repel Missiles                    Charms/Air                   2
   Slow                               Hexes                        2
   Conjure Flame                      Conjuration/Fire             3
   Mephitic Cloud                     Conjuration/Poison/Air       3


   Skills:
 + Level 1.0 Fighting
 + Level 4.0 Dodging
 + Level 1.3 Stealth
 + Level 1.8 Unarmed Combat
 * Level 2.9 Spellcasting
 * Level 1.7 Conjurations
 + Level 0.6 Summonings
 + Level 0.6 Translocations


You had 3 spell levels left.
You knew the following spells:

 Your Spells              Type           Power        Failure   Level  Hunger
a - Magic Dart            Conj           #...         12%         1    #......
b - Blink                 Tloc           N/A          24%         2    ##.....
c - Call Imp              Summ           #.........   24%         2    ##.....
d - Repel Missiles        Chrm/Air       #.........   30%         2    ##.....


Dungeon Overview and Level Annotations

Branches:
Dungeon (4/27)
 Temple: D:4-7

Altars:
Ashenzari

Annotations:
D:3 Edmund


Innate Abilities, Weirdness & Mutations

You are too large for most types of armour.
You have claws for hands.
Your metabolism is lightning-fast.
You like to eat raw meat.
You heal very quickly.
You can eat rotten meat.
You are covered in fur (AC +1).
You have very tough skin (AC +2).


Message History

Your magical contamination has completely faded away.
Edmund misses your crimson imp.
Something in your inventory has become rotten. (slot k)
Things that are here:
an orcish club; a goblin corpse You swap places.
Your crimson imp disappears in a puff of smoke!
Edmund hits you with a dire flail.
* * * LOW HITPOINT WARNING * * *
You closely miss Edmund.
Edmund is almost dead.
Edmund hits you with a dire flail.
* * * LOW HITPOINT WARNING * * *
You barely miss Edmund.
Edmund is almost dead.
Edmund zaps a wand.
The puff of flame hits you!
* * * LOW HITPOINT WARNING * * *
Edmund zaps a wand.
The puff of flame hits you!
One of your 5 scrolls labeled ONOOZO FUGEUT catches fire!
You die...

#.............................
#.......####..#############...
#.......# #..# #... #.......#
#..# #... #.......# #..# #...
#.......# #..# #...
#.......####..# #...
#.............#############...
######.......@................
#..####...).............. #..#
#.@#######..####... #..# #..#
#..# #... #..# #..# #..# #...
######..####..#######..####..#
#............................#
#.............>..............#
###########..#####..#######..#


You could see Edmund.

Vanquished Creatures
  A phantom (D:3)
  A vampire bat (D:3)
  Ijyb (D:2)
  Jessica (D:3)
  4 adders
  A gnoll (D:3)
  A giant mite (D:3)
  2 worms (D:2)
  3 fire bats (D:3)
  2 oozes (D:1)
  An orc (D:3)
  2 spectral bats (D:3)
  16 bats
  3 bat skeletons (D:3)
  A bat zombie (D:3)
  8 hobgoblins
  2 jackals (D:1)
  3 ball pythons
  A bat simulacrum (D:3)
  8 giant cockroaches
  4 giant geckos
  4 giant newts
  10 goblins
  5 kobolds
  2 quokkas
  11 rats
98 creatures vanquished.

Vanquished Creatures (collateral kills)
  3 gnolls (D:3)
  A bat (D:3)
4 creatures vanquished.

Vanquished Creatures (others)
  A crimson imp (D:3)
1 creature vanquished.

Grand Total: 103 creatures vanquished

Notes
Turn   | Place    | Note
--------------------------------------------------------------
     0 | D:1      | Malachi, the Troll Wizard, began the quest for the Orb.
     0 | D:1      | Reached XP level 1. HP: 14/14 MP: 5/5
   176 | D:1      | Reached XP level 2. HP: 22/22 MP: 6/6
   572 | D:1      | Reached XP level 3. HP: 26/28 MP: 7/7
   971 | D:2      | Reached skill level 1 in Unarmed Combat
  1045 | D:2      | Reached XP level 4. HP: 32/36 MP: 0/8
  1269 | D:2      | Noticed Ijyb
  1283 | D:2      | Killed Ijyb
  1283 | D:2      | Reached skill level 1 in Conjurations
  1736 | D:3      | Noticed a phantom
  1758 | D:3      | Killed a phantom
  1758 | D:3      | Reached skill level 3 in Dodging
  1758 | D:3      | Reached XP level 5. HP: 37/42 MP: 9/9
  1805 | D:3      | Learned a level 2 spell: Blink
  1808 | D:3      | Learned a level 2 spell: Call Imp
  1811 | D:3      | Learned a level 2 spell: Repel Missiles
  1959 | D:3      | Noticed Jessica
  1974 | D:3      | Killed Jessica
  2092 | D:3      | Reached XP level 6. HP: 35/50 MP: 11/11
  2188 | D:3      | Found a shattered altar of Ashenzari.
  2351 | D:3      | Reached skill level 1 in Fighting
  2526 | D:3      | Reached skill level 4 in Dodging
  2616 | D:4      | Noticed Edmund
  2651 | D:3      | Killed from afar by Edmund

Action                   |  1- 3 |  4- 6 || total
-------------------------+-------+-------++-------
Melee: Unarmed           |   169 |   204 ||   373
 Cast: Magic Dart        |    13 |    14 ||    27
       Call Imp          |       |     6 ||     6
 Stab: Sleeping          |       |     1 ||     1
